 Dungeon Crawl Stone Soup version 0.22-a0-596-gfbd32a6 (webtiles) character file.

28 iamserjio the Chopper (level 2, -5/24 HPs)
             Began as a Demonspawn Berserker on July 5, 2018.
             Was a Follower of Trog.
             Slain by a worker ant (6 damage)
             ... on level 3 of the Dungeon.
             The game lasted 00:01:31 (279 turns).

iamserjio the Chopper (Demonspawn Berserker)         Turns: 279, Time: 00:01:32

Health: -5/24      AC:  3    Str: 17    XL:     2   Next: 96%
Magic:  2/2        EV: 12    Int:  8    God:    Trog [*.....]
Gold:   22         SH:  0    Dex: 12    Spells: 1/1 levels left

rFire    . . .     SeeInvis .   a - +0 hand axe
rCold    . . .     Gourm    .   (no shield)
rNeg     . . .     Faith    .   d - +0 leather armour
rPois    .         Spirit   .   (no helmet)
rElec    .         Reflect  .   (no cloak)
rCorr    .         Harm     .   (no gloves)
MR       .....                  (no boots)
Stlth    +.........             (no amulet)
HPRegen  0.08/turn              (no ring)
MPRegen  0.08/turn              (no ring)

@: berserk cooldown
A: talons 1
a: Berserk, Renounce Religion


You were on level 3 of the Dungeon.
You worshipped Trog.
Trog was aware of your devotion.
You were not hungry.

You visited 1 branch of the dungeon, and saw 3 of its levels.

You collected 22 gold pieces.

Inventory:

Hand Weapons
 a - a +0 hand axe (weapon)
Armour
 b - a +0 animal skin
 d - a +0 leather armour (worn)
Scrolls
 e - a scroll of fog {unknown}
Comestibles
 c - a ration
 f - 3 chunks of flesh


   Skills:
 + Level 3.3 Fighting
 * Level 3.3 Axes
 + Level 2.2 Armour
 - Level 1.7 Dodging


You had one spell level left.
You didn't know any spells.
Your spell library was empty.

Dungeon Overview and Level Annotations

Branches:
Dungeon (3/15)

Altars:


Innate Abilities, Weirdness & Mutations

You have sharp toenails.


Message History

You closely miss the worker ant. You claw the worker ant.
The worker ant is severely wounded.
The worker ant barely misses you.
The worker ant bites you but does no damage.
You closely miss the worker ant. Your kick misses the worker ant.
The worker ant is severely wounded.
The worker ant bites you.
* * * LOW HITPOINT WARNING * * *
You barely miss the worker ant.
The worker ant is severely wounded.
The worker ant closely misses you.
You hit the worker ant but do no damage.
Your kick misses the worker ant.
The worker ant is severely wounded.
The worker ant barely misses you. The worker ant bites you.
* * * LOW HITPOINT WARNING * * *
You barely miss the worker ant.
The worker ant is severely wounded.
The worker ant bites you.
You die...

#. #. #. #.
+# #. .#
#.###.###..#
#.la@..?...#
#.<#####...#
#..## # #..#
#..# #.# #.
#


You could see a worker ant and a leopard gecko.

Vanquished Creatures
  An adder (D:2)
  A dart slug (D:1)
  3 bats
  A giant cockroach (D:2)
  3 goblins
  4 hobgoblins
  A kobold (D:1)
  A rat (D:1)
15 creatures vanquished.

Notes
Turn   | Place    | Note
-------+----------+-------------------------------------------
     0 | D:1      | iamserjio the Demonspawn Berserker began the quest for the Orb.
     0 | D:1      | Reached XP level 1. HP: 18/18 MP: 1/1
    79 | D:1      | Gained mutation: You have sharp toenails. [demonic ancestry]
    79 | D:1      | Reached XP level 2. HP: 18/24 MP: 2/2
   278 | D:3      | HP: 1/24 [worker ant (4)]
   279 | D:3      | Slain by a worker ant

Vault maps used:
D:1:      scummos_arrival_hexagon
D:2:      cheibrodos_greedy_goblins
D:3:      lemuel_round_altar, lemuel_doored_altar, first_ration, uniq_robin,
          uniq_jessica

Skill      XL: |  1 |
---------------+----+-----
Axes           | 3 |  3.3
Armour         | 2 |  2.2
Fighting       | |  3.3
Dodging        | |  1.7

Action                   || total
-------------------------++-------
Melee: Hand axe          ||    48
       Kick              ||     3
Invok: Berserk           ||     1
Armor: Animal skin       ||     2
       Leather armour    ||    12
Dodge: Dodged            ||    38

Table legend:
 A = Spawn XP
 B = Non-spawn XP
 C = Spawn XP percentage of total XP
 D = Spawn monster count
 E = Non-spawn monster count
 F = Spawn count percentage of total count
 G = Total turns spent on level
                    A         B        C        D         E        F      G
               +---------+---------+-------+---------+---------+-------+---------
         Total |       0 |      40 |   0.0 |       0 |      15 |   0.0 |   279
               +---------+---------+-------+---------+---------+-------+---------
           D:1 |       0 |      15 |   0.0 |       0 |       8 |   0.0 |   109
           D:2 |       0 |      25 |   0.0 |       0 |       7 |   0.0 |   160
               +---------+---------+-------+---------+---------+-------+---------
